 Dungeon Sprint DCSS version 0.22-a0-580-gd5db89c (webtiles) character file.

5415 Kidiri the Eclecticist (level 10, -3/61 HPs)
             Began as a Deep Elf Fire Elementalist on July 3, 2018.
             Was the Champion of Vehumet.
             Slain by a spiny frog (14 damage)
             ... in the Dungeon (Sprint III: "The Ten Rune Challenge").
             The game lasted 00:11:40 (1771 turns).

Kidiri the Eclecticist (Deep Elf Fire Elementalist) Turns: 1771, Time: 00:11:41

Health: -3/61      AC:  3    Str:  5    XL:     10   Next: 40%
Magic:  26/32      EV: 19    Int: 24    God:    Vehumet [******]
Gold:   40         SH:  0    Dex: 15    Spells: 16/42 levels left

rFire    . . .     SeeInvis .   k - +1 dagger (speed)
rCold    . . .     Gourm    .   (no shield)
rNeg     . . .     Faith    .   a - +0 robe
rPois    .         Spirit   .   (no helmet)
rElec    .         Reflect  .   j - +0 cloak
rCorr    .         Harm     .   (no gloves)
MR       +....     NoTele   +   (no boots)
Stlth    +.........             (no amulet)
HPRegen  0.20/turn              (no ring)
MPRegen  0.23/turn              (no ring)

@: lethally poisoned (-3 -> -7), very slightly contaminated, hasted, quick
A: talons 1, evolution 1
a: Renounce Religion


You were in the Dungeon.
You worshipped Vehumet.
Vehumet was exalted by your worship.
You were not hungry.

You visited 1 branch You collected 40 gold pieces.

Inventory:

Hand Weapons
 k - a +1 dagger of speed (weapon)
Missiles
 m - 8 throwing nets (quivered)
Armour
 a - a +0 robe (worn)
 j - a +0 cloak (worn)
Scrolls
 l - a scroll of holy word {unknown}
 n - 4 scrolls of remove curse
 q - a scroll of torment {unknown}
Potions
 d - 2 potions of curing
 e - a potion of heal wounds
 g - 2 potions of magic
 h - 2 potions of berserk rage
 o - a potion of brilliance
 p - 2 potions of flight
 r - a potion of cancellation
Comestibles
 c - 24 rations


   Skills:
 + Level 6.4 Fighting
 + Level 7.7 Short Blades
 + Level 6.5 Armour
 + Level 9.7 Dodging
 - Level 2.4 Stealth
 * Level 16.5 Spellcasting
 + Level 10.3 Conjurations
 + Level 10.7 Fire Magic
 + Level 3.2 Air Magic
 + Level 3.6 Earth Magic
 + Level 3.6 Poison Magic


You had 16 spell levels left.
You knew the following spells:

 Your Spells              Type           Power        Failure   Level  Hunger
a - Flame Tongue          Conj/Fire      #####        1%          1    None
b - Throw Flame           Conj/Fire      ######       1%          2    None
c - Conjure Flame         Conj/Fire      ######..     1%          3    None
d - Inner Flame           Hex/Fire       #####...     1%          3    None
e - Sticky Flame          Conj/Fire      ######..     1%          4    None
f - Fireball              Conj/Fire      ######....   1%          5    #......
g - Mephitic Cloud        Conj/Pois/Air  #####...     1%          3    None
h - Lee's Rapid Deconstr  Erth           #####.....   4%          5    #......

Your spell library contained the following spells:

 Spells                   Type           Power        Failure   Level  Hunger
 Magic Dart               Conj           ####         1%          1    None
 Slow                     Hex            ###.....     4%          2    None
 Blink                    Tloc           N/A          4%          2    None
 Call Imp                 Summ           ###.....     4%          2    None


Dungeon Overview and Level Annotations

Branches:
Dungeon (1/1)

Altars:
Cheibriados
Dithmenos
Elyvilon
Fedhas
Gozag
Hepliaklqana
Kikubaaqudgha
Makhleb
Nemelex Xobeh
Okawaru
Qazlal
Ru
Sif Muna
Trog
Uskayaw
Vehumet
Wu Jian
Xom
Yredelemnul
Zin
The Shining One
Beogh
Jiyva
Lugonu

Annotations:
D exclusion: 2 doors


Innate Abilities, Weirdness & Mutations

You have sharp toenails.
You evolve.


Message History

Casting: Flame Tongue (safe; 1% risk of failure)
Confirm with . or Enter, or press ? or * to list all spells.
Aiming: Flame Tongue (safe; 1% risk of failure)
Press: ? - help, Shift-Dir - straight line, f/p - spiny frog
Aim: a spiny frog (almost dead)
The flame tongue hits the spiny frog.
The spiny frog is almost dead.
Casting: Flame Tongue (safe; 1% risk of failure)
Confirm with . or Enter, or press ? or * to list all spells.
Aiming: Conjure Flame (safe; 1% risk of failure)
Press: ? - help, Dir - move target cursor, p - spiny frog
Okay, then.
Unknown command.
You feel yourself speed up.
You feel sick.
You feel sick.
You enter the shallow water.
Moving in this stuff is going to be slow.
You feel sick. The spiny frog stings you!
You die...

.......# ######'#
#__#...#+########################
#__#...#....#.#.#.....#......+...
#__#...##)#..#.##)###.#......#...
#__#...'##)#.#.##.#.)##......#...
#__+...#..)#..#..##..'.......#...
▓▓▓▓▓▓▓▓▓▓▓▓▓▓▓▓▓▓▓▓▓#.......#.%.
♣§≈§.....l..F@≈...#.......#...
♣'♣≈≈≈≈≈≈≈≈≈≈≈≈♣♣P.'.......#...
lF♣♣♣♣♣♣♣♣♣♣♣♣♣♣♣♣PP#.......####
#.. ♣♣♣##+###### ##


You could see a komodo dragon and a spiny frog.

Vanquished Creatures
  Erolcha (D)
  A deep elf mage (D)
  A spiny frog (D)
  A queen bee (D)
  3 wandering mushrooms (D)
  2 redbacks (D)
  A shadow (D)
  A spatial vortex (D)
  A necrophage (D)
  5 two-headed ogres (D)
  A water elemental (D)
  29 killer bees (D)
  A jelly (D)
  Jessica (D)
  A wizard (D)
  Crazy Yiuf (D)
  A necromancer (D)
  3 humans (D)
  A kobold demonologist (D)
  3 rats (D)
59 creatures vanquished.

Vanquished Creatures (collateral kills)
  2 killer bees (D)
2 creatures vanquished.

Vanquished Creatures (others)
  2 draconian scorchers (D)
  A hydra (D)
  6 hellions (D)
  3 yaktaurs (D)
  A killer bee (D)
  2 plants (D)
15 creatures vanquished.

Grand Total: 76 creatures vanquished

Notes
Turn   | Place    | Note
-------+----------+-------------------------------------------
     0 | D        | Kidiri the Deep Elf Fire Elementalist began the quest for the Orb.
     0 | D        | Reached XP level 1. HP: 10/10 MP: 6/6
    61 | D        | Noticed Jessica
    61 | D        | Killed a yaktaur
    66 | D        | Killed Jessica
    66 | D        | Reached skill level 6 in Spellcasting
    66 | D        | Reached XP level 2. HP: 15/15 MP: 3/11
    70 | D        | Killed a hellion
    72 | D        | Learned a level 2 spell: Throw Flame
   100 | D        | Killed a hellion
   103 | D        | Killed a hellion
   119 | D        | Killed a hellion
   139 | D        | Killed a six-headed hydra
   164 | D        | Reached skill level 7 in Spellcasting
   164 | D        | Reached skill level 5 in Fire Magic
   164 | D        | Reached XP level 3. HP: 14/19 MP: 0/13
   169 | D        | Killed a hellion
   170 | D        | Killed a hellion
   172 | D        | Learned a level 3 spell: Conjure Flame
   173 | D        | Killed a white draconian scorcher
   176 | D        | Learned a level 3 spell: Inner Flame
   275 | D        | Noticed Crazy Yiuf
   277 | D        | Killed Crazy Yiuf
   277 | D        | Reached XP level 4. HP: 24/24 MP: 11/15
   303 | D        | Gained mutation: You are surrounded by a mild repulsion field. (EV +2) [potion of mutation]
   303 | D        | Gained mutation: Your flesh is heat resistant. (rF+) [potion of mutation]
   303 | D        | Gained mutation: You have large cloven feet. [potion of mutation]
   304 | D        | Lost mutation: Your flesh is heat resistant. (rF+) [potion of mutation]
   304 | D        | Lost mutation: You are surrounded by a mild repulsion field. (EV +2) [potion of mutation]
   304 | D        | Lost mutation: You have large cloven feet. [potion of mutation]
   304 | D        | Gained mutation: You are clumsy. (Dex -2) [potion of mutation]
   304 | D        | Gained mutation: You tend to lose your temper in combat. [potion of mutation]
   304 | D        | Gained mutation: You are weak. (Str -2) [potion of mutation]
   304 | D        | Gained mutation: You are partially covered in yellow scales. (AC +2) [potion of mutation]
   305 | D        | Lost mutation: You are partially covered in yellow scales. (AC +2) [potion of mutation]
   305 | D        | Lost mutation: You tend to lose your temper in combat. [potion of mutation]
   305 | D        | Lost mutation: You are clumsy. (Dex -2) [potion of mutation]
   305 | D        | Gained mutation: You are agile. (Dex +2) [potion of mutation]
   305 | D        | Lost mutation: You are agile. (Dex +2) [potion of mutation]
   305 | D        | Gained mutation: You are somewhat resistant to further mutation. [potion of mutation]
   306 | D        | Lost mutation: You are weak. (Str -2) [potion of mutation]
   306 | D        | Lost mutation: You are somewhat resistant to further mutation. [potion of mutation]
   306 | D        | Gained mutation: You are dopey. (Int -2) [potion of mutation]
   306 | D        | Gained mutation: Your spells are a little easier to cast, but a little less powerful. [potion of mutation]
   306 | D        | Gained mutation: You are agile. (Dex +2) [potion of mutation]
   307 | D        | Lost mutation: You are agile. (Dex +2) [potion of mutation]
   307 | D        | Lost mutation: Your spells are a little easier to cast, but a little less powerful. [potion of mutation]
   307 | D        | Lost mutation: You are dopey. (Int -2) [potion of mutation]
   307 | D        | Gained mutation: You have sharp toenails. [potion of mutation]
   307 | D        | Gained mutation: You evolve. [potion of mutation]
   318 | D        | Noticed a water elemental
   321 | D        | Killed a water elemental
   321 | D        | Reached skill level 9 in Spellcasting
   321 | D        | Reached skill level 5 in Conjurations
   324 | D        | Killed a white draconian scorcher
   330 | D        | Killed a yaktaur
   376 | D        | Learned a level 4 spell: Sticky Flame
   376 | D        | Found a radiant altar of Vehumet.
   377 | D        | Found a deep blue altar of Sif Muna.
   377 | D        | Found an ancient bone altar of Kikubaaqudgha.
   377 | D        | Noticed a wizard
   379 | D        | Killed a wizard
   379 | D        | Reached skill level 10 in Spellcasting
   379 | D        | Reached XP level 5. HP: 28/28 MP: 13/19
   394 | D        | Learned a level 5 spell: Fireball
   398 | D        | Learned a level 3 spell: Mephitic Cloud
   401 | D        | Became a worshipper of Vehumet
   448 | D        | Found a glowing silver altar of Zin.
   449 | D        | Found a glowing golden altar of the Shining One.
   449 | D        | Found a white marble altar of Elyvilon.
   449 | D        | Noticed a deep elf mage
   456 | D        | Killed a deep elf mage
   456 | D        | Reached skill level 5 in Dodging
   456 | D        | Reached skill level 12 in Spellcasting
   456 | D        | Reached XP level 6. HP: 33/36 MP: 9/23
   532 | D        | Found a hide-covered altar of Uskayaw.
   532 | D        | Found an iron altar of Okawaru.
   534 | D        | Found a roughly hewn altar of Beogh.
   534 | D        | Found a bloodstained altar of Trog.
   534 | D        | Found an ornate altar of the Wu Jian Council.
   534 | D        | Noticed a human
   535 | D        | Noticed a human
   538 | D        | Killed a human
   538 | D        | Reached XP level 7. HP: 41/41 MP: 9/25
   541 | D        | Killed a human
   541 | D        | Reached * piety under Vehumet
   541 | D        | Offered knowledge of Sting by Vehumet.
   541 | D        | Killed a yaktaur
   639 | D        | Found a basalt altar of Yredelemnul.
   639 | D        | Found a shadowy altar of Dithmenos.
   639 | D        | Found a sacrificial altar of Ru.
   643 | D        | Reached skill level 13 in Spellcasting
   713 | D        | Reached ** piety under Vehumet
   714 | D        | Noticed a shadow
   722 | D        | Killed a shadow
   722 | D        | Offered knowledge of Freeze by Vehumet.
   722 | D        | Reached XP level 8. HP: 48/48 MP: 15/27
   784 | D        | Found a blossoming altar of Fedhas.
   784 | D        | Found a stormy altar of Qazlal.
   784 | D        | Found a snail-covered altar of Cheibriados.
   784 | D        | Found a burning altar of Makhleb.
   784 | D        | Found a shimmering altar of Xom.
   785 | D        | Found a hazy altar of Hepliaklqana.
   785 | D        | Found an opulent altar of Gozag.
   785 | D        | Found a sparkling altar of Nemelex Xobeh.
   785 | D        | Found a corrupted altar of Lugonu.
   785 | D        | Found a viscous altar of Jiyva.
   803 | D        | Reached skill level 5 in Short Blades
   891 | D        | Offered knowledge of Dazzling Spray by Vehumet.
   906 | D        | Reached *** piety under Vehumet
  1050 | D        | Noticed a two-headed ogre
  1065 | D        | Killed a two-headed ogre
  1065 | D        | Reached skill level 14 in Spellcasting
  1126 | D        | Noticed a two-headed ogre
  1126 | D        | Noticed Erolcha
  1131 | D        | Killed Erolcha
  1131 | D        | Offered knowledge of Iskenderun's Mystic Blast by Vehumet.
  1131 | D        | Reached skill level 5 in Fighting
  1131 | D        | Reached skill level 5 in Armour
  1131 | D        | Reached skill level 15 in Spellcasting
  1131 | D        | Reached XP level 9. HP: 45/54 MP: 21/30
  1135 | D        | Killed a two-headed ogre
  1135 | D        | Reached **** piety under Vehumet
  1300 | D        | Reached skill level 10 in Fire Magic
  1303 | D        | Offered knowledge of Lee's Rapid Deconstruction by Vehumet.
  1311 | D        | Learned a level 5 spell: Lee's Rapid Deconstruction
  1424 | D        | Reached ***** piety under Vehumet
  1424 | D        | Offered knowledge of Bolt of Magma by Vehumet.
  1425 | D        | Reached skill level 1 in Earth Magic
  1425 | D        | Reached skill level 1 in Poison Magic
  1425 | D        | Reached skill level 1 in Air Magic
  1431 | D        | Reached ****** piety under Vehumet
  1431 | D        | Reached skill level 10 in Conjurations
  1431 | D        | Reached XP level 10. HP: 60/60 MP: 18/31
  1432 | D        | Reached skill level 16 in Spellcasting
  1681 | D        | Offered knowledge of Irradiate by Vehumet.
  1757 | D        | Noticed a spiny frog
  1757 | D        | Noticed a spiny frog
  1760 | D        | Killed a spiny frog
  1771 | D        | Slain by a spiny frog

Vault maps used:
D:        dungeon_sprint_mu

Skill      XL: |  1  2  3  4  5  6  7  8  9 10 |
---------------+-------------------------------+-----
Spellcasting   | 6 7 10 12 13 15 16 | 16.5
Conjurations   | 3 4 5 7 8 9 10 | 10.3
Fire Magic     | 4 5 6 7 8 9 10 | 10.7
Fighting       | 2 3 4 5 6 |  6.4
Short Blades   | 3 4 6 7 |  7.7
Armour         | 2 3 5 6 |  6.5
Dodging        | 5 6 8 9 |  9.7
Earth Magic    | 2 3 |  3.6
Poison Magic   | 2 3 |  3.6
Air Magic      | 1 3 |  3.2
Stealth        | |  2.4

Action                   |  1- 3 |  4- 6 |  7- 9 | 10-12 || total
-------------------------+-------+-------+-------+-------++-------
Melee: Unarmed           |     1 |       |       |       ||     1
       Dagger            |       |       |     9 |       ||     9
       Kick              |       |       |     3 |       ||     3
 Cast: Flame Tongue      |    20 |     8 |    74 |    33 ||   135
       Throw Flame       |     1 |       |     2 |     2 ||     5
       Sticky Flame      |       |     4 |     7 |     1 ||    12
       Conjure Flame     |       |     2 |     8 |     3 ||    13
       Mephitic Cloud    |       |     2 |     2 |       ||     4
       Fireball          |       |     1 |       |     1 ||     2
       Inner Flame       |       |       |     8 |     1 ||     9
  Use: Potion            |       |     5 |       |     1 ||     6
       Scroll            |       |     2 |       |     1 ||     3
  Eat: Ration            |       |       |     1 |       ||     1
Armor: Robe              |       |     1 |     1 |       ||     2
Dodge: Dodged            |     5 |     2 |    18 |       ||    25

Table legend:
 A = Spawn XP
 B = Non-spawn XP
 C = Spawn XP percentage of total XP
 D = Spawn monster count
 E = Non-spawn monster count
 F = Spawn count percentage of total count
 G = Total turns spent on level
                    A         B        C        D         E        F      G
               +---------+---------+-------+---------+---------+-------+---------
         Total |       0 |    7736 |   0.0 |       0 |      62 |   0.0 |  1771
               +---------+---------+-------+---------+---------+-------+---------
             D |       0 |    7736 |   0.0 |       0 |      62 |   0.0 |  1771
               +---------+---------+-------+---------+---------+-------+---------
